Map: Ley Lines

Players

LewisKiniski

  • Race: Protoss Protoss
  • League: Master
  • Spawn Location: 1:00

A.I. 1 (Very Easy) - Winner!

  • Race: Terran Terran
  • Spawn Location: 7:00

VOD

Have the link to the VOD?

Description

Time

  • Played on: Feb. 19, 2025, 1:48 a.m.
  • Length: 9:46
Show
View Real Time Build Order
Export as new Build Order

LewisKiniski Protoss 

Build Orders: 1 Gate Expand, Phoenix Opening, Blink Stalkers, Colossus Rush 

Get SALT Encoding   

  12  0:00  Probe  
  13  0:12  Probe  
  14  0:17  Pylon  
  14  0:23  Probe  
  15  0:31  Probe  
  16  0:37  Gateway  
  16  0:39  Probe  
  16  0:46  Assimilator  
  17  0:51  Probe  
  18  1:03  Probe  
  19  1:18  Nexus  
  19  1:28  Cybernetics Core  
  19  1:32  Probe  
  20  1:38  Assimilator  
  20  1:44  Probe  
  21  1:47  Pylon  
  21  1:53  Stalker  
  21  1:56  Probe  
  22  2:04  Probe  
  22  2:05  Warp Gate  
  25  2:12  Probe  
  25  2:22  Sentry, Probe  
  26  2:23  Phoenix  
  29  2:31  Probe  
  29  2:34  Probe  
  31  2:41  Twilight Council  
  31  2:43  Probe  
  32  2:46  Probe  
  32  2:48  Blink  
  32  2:49  Stalker  
  33  2:56  Probe  
  33  2:58  Gateway  
  36  3:02  Gateway  
  36  3:04  Probe  
  37  3:09  Probe  
  38  3:16  Probe  
  39  3:21  Probe  
  40  3:28  Probe  
  40  3:31  Pylon  
  40  3:33  Probe  
  42  3:39  Robotics Facility  
  42  3:40  Probe  
  43  3:45  Probe  
  44  3:52  Probe  
  44  3:53  Nexus  
  45  4:02  Stalker x2  
  47  4:07  Stalker  
  51  4:10  Pylon  
  51  4:16  Assimilator  
  51  4:17  Assimilator  
  51  4:19  Probe x2  
  53  4:26  Observer  
  54  4:31  Probe x2  
  54  4:32  Pylon  
  56  4:43  Probe x2  
  56  4:44  Robotics Bay  
  56  4:45  Forge  
  58  4:52  Protoss Ground Weapons Level 1  
  58  4:54  Charge, Stalker x2  
  58  4:55  Probe  
  58  4:56  Probe  
  58  4:57  Zealot  
  66  5:08  Probe x3  
  69  5:20  Colossus, Probe x3  
  72  5:27  Pylon  
  72  5:30  Shield Battery  
  72  5:32  Probe x3  
  81  5:41  Pylon  
  81  5:44  Probe x2  
  81  5:45  Probe  
  84  5:56  Probe  
  85  6:00  Gateway  
  85  6:01  Gateway  
  85  6:02  Gateway  
  85  6:06  Colossus  
  85  6:07  Extended Thermal Lance  
  85  6:13  Gateway, Probe  
  85  6:14  Gateway, Probe  
  85  6:18  Probe  
  94  6:26  Pylon, Probe x2  
  94  6:30  Probe  
  97  6:34  Nexus  
  97  6:36  Pylon  
  97  6:38  Probe x2  
  99  6:42  Probe  
  99  6:43  Assimilator  
  100  6:47  Assimilator  
  100  6:49  Protoss Ground Weapons Level 2, Sentry x2  
  100  6:50  Zealot, Probe x2  
  100  6:51  Colossus  
  109  6:54  Probe  
  109  7:02  Probe x2  
  117  7:08  Pylon  
  117  7:10  Pylon  
  117  7:11  Pylon  
  117  7:17  Shield Battery  
  117  7:19  Shield Battery  
  117  7:21  Pylon  
  117  7:26  Probe x3  
  117  7:28  Zealot  
  117  7:29  Zealot x4  
  130  7:33  Templar Archives  
  130  7:37  Warp Prism  
  130  7:38  Probe x2  
  130  7:39  Forge  
  130  7:41  Pylon  
  130  7:42  Protoss Ground Armor Level 1, Probe  
  133  7:50  Stalker x2, Probe x2  
  141  8:00  Psionic Storm  
  141  8:01  Gravitic Drive  
  141  8:03  Stalker x5  
  151  8:12  Assimilator  
  151  8:13  Assimilator  
  151  8:16  Zealot x2  
  155  8:22  Zealot  
  157  8:28  Gateway x2  
  157  8:30  Gateway x2  
  157  8:39  Immortal  
  157  8:46  Nexus  
  157  8:47  Pylon  
  159  8:50  Pylon  
  161  8:57  Pylon  
  161  8:58  Zealot, Pylon  
  161  8:59  Zealot x4  
  161  9:00  Pylon  
  171  9:06  Pylon  
  171  9:08  Pylon  
  171  9:11  Shield Battery  
  171  9:19  High Templar x4  
  171  9:20  Zealot  
  171  9:21  Zealot x3  
  187  9:27  Zealot x3  
  187  9:29  Sentry  
  195  9:38  Robotics Facility  
  195  9:40  Pylon  
  195  9:41  Stalker x2  
  195  9:42  Pylon  
Show
View Real Time Build Order
Export as new Build Order

A.I. 1 (Very Easy) Terran - Winner!

Build Orders: Reaper Expand 

Get SALT Encoding   

  12  0:00  SCV  
  13  0:13  SCV  
  14  0:18  Supply Depot  
  14  0:44  Barracks  
  14  1:02  Command Center  
  14  1:30  Supply Depot  
  14  1:31  Marine  
  15  1:34  Orbital Command  
  15  1:36  Refinery  
  15  1:47  Refinery  
  15  1:59  SCV  
  16  2:11  SCV  
  16  2:14  SCV  
  18  2:17  Reaper  
  19  2:23  SCV  
  19  2:28  SCV  
  21  2:36  SCV  
  22  2:42  SCV  
  23  2:49  SCV  
  24  2:56  Refinery  
  24  2:57  SCV  
  25  3:04  SCV  
  26  3:07  Marine  
  26  3:11  SCV  
  28  3:18  SCV  
  29  3:20  Factory  
  29  3:45  SCV  
  29  3:46  Refinery  
  30  3:52  SCV  
  30  3:54  Supply Depot  
  31  3:58  Marine  
  31  3:59  SCV  
  33  4:06  SCV  
  33  4:08  Starport  
  34  4:14  SCV  
  35  4:17  Barracks Tech Lab  
  35  4:21  SCV  
  36  4:28  SCV  
  37  4:31  Supply Depot  
  37  4:35  SCV  
  38  4:42  SCV  
  38  4:44  Starport Tech Lab  
  39  4:50  SCV, Marauder  
  42  4:57  SCV  
  43  5:02  Raven  
  43  5:04  SCV  
  46  5:11  SCV  
  47  5:18  SCV  
  48  5:36  Raven  
  48  5:38  SCV  
  48  5:40  Marine  
  51  6:30  Marine  
  52  7:22  Marauder  
  54  7:32  SCV  
Tags
 
Add a new tag
Caveats
  • Supply blocks, unpowered buildings, or Contaminate may cause inaccurate times.
  • Supply counts are checked every 10 seconds.